 Dungeon Crawl Stone Soup version 0.18-a0-1292-ge8ad84c (webtiles) character file.

259 ololoev the Magician (level 5, -8/28 HPs)
             Began as a Deep Elf Fire Elementalist on Feb 9, 2016.
             Mangled by an ogre
             ... wielding a +0 giant spiked club
              (18 damage)
             ... on level 5 of the Dungeon.
             The game lasted 00:05:33 (839 turns).

ololoev the Magician (Deep Elf Fire Elementalist)    Turns: 839, Time: 00:05:33

Health: -8/28      AC:  2    Str:  5    XL:     5   Next: 95%
Magic:  5/14       EV: 13    Int: 21    God:
Gold:   59         SH:  0    Dex: 18    Spells: 4 memorised, 2 levels left

rFire  . . .     SeeInvis .     f - potion of agility
rCold  . . .     Gourm    .     a - +0 robe
rNeg   . . .     Faith    .     (no shield)
rPois  .         Spirit   .     (no helmet)
rElec  .         Dismiss  .     (no cloak)
rCorr  .         Reflect  .     (no gloves)
SustAt .         Harm     .     (no boots)
MR     .....                    (no amulet)
Stlth  ++........               (no ring)
                                m - +3 ring of dexterity

@: not resistant to hostile enchantments, unstealthy
A: no striking features
a: no special abilities

Inventory:

Armour
 a - a +0 robe (worn)
Jewellery
 m - a +3 ring of dexterity (left hand)
Scrolls
 e - 2 scrolls of remove curse {unknown}
 g - 2 scrolls of identify {unknown}
 j - a scroll of amnesia {unknown}
 l - a scroll of noise {unknown}
Potions
 f - a potion of agility (in hand)
 i - a potion of brilliance {unknown}
Books
 b - a book of Flames

   Spells                             Type                      Level
   a - Flame Tongue                   Conjuration/Fire             1
   b - Throw Flame                    Conjuration/Fire             2
   c - Conjure Flame                  Conjuration/Fire             3
   d - Inner Flame                    Hexes/Fire                   3
   e - Sticky Flame                   Conjuration/Fire             4
   f - Fireball                       Conjuration/Fire             5
Comestibles
 c - 2 bread rations
 d - 2 fruits
 h - a chunk of flesh
 k - a beef jerky
 n - a meat ration


   Skills:
 - Level 2.4 Dodging
 - Level 2.4 Stealth
 + Level 4.8 Spellcasting
 * Level 4.8 Conjurations
 + Level 4.4 Fire Magic


You had 2 spell levels left.
You knew the following spells:

 Your Spells              Type           Power        Failure   Level  Hunger
a - Flame Tongue          Conj/Fire      ###..        1%          1    None
b - Conjure Flame         Conj/Fire      ###.....     6%          3    ##.....
c - Sticky Flame          Conj/Fire      ###.....     21%         4    ####...
e - Inner Flame           Hex/Fire       ##......     17%         3    ##.....


You were on level 5 of the Dungeon.
You were not hungry.

You visited 1 branch of the dungeon, and saw 6 of its levels.

You collected 59 gold pieces.

.(o..##+###
#........# #........#
###...o....#
...........# #'# #.#
#O# #.# #@# #.# #.#
######+##.# #.#
#.........# #.#
#.........# #.#
#.........###'######
#....................
#..............######
#...##รท##......#

Notes
Turn   | Place    | Note
--------------------------------------------------------------
     0 | D:1      | ololoev the Deep Elf Fire Elementalist began the quest for the Orb.
     0 | D:1      | Reached XP level 1. HP: 10/10 MP: 6/6
    38 | D:2      | Reached XP level 2. HP: 7/15 MP: 0/8
   242 | D:4      | Noticed a crimson imp
   294 | D:4      | Reached XP level 3. HP: 10/19 MP: 6/10
   299 | D:4      | Learned a level 3 spell: Conjure Flame
   303 | D:4      | Learned a level 3 spell: Inner Flame
   519 | D:4      | Found a stormy altar of Qazlal.
   522 | D:4      | Found a bloodstained altar of Trog.
   524 | D:4      | Found a glowing silver altar of Zin.
   580 | D:4      | Reached skill level 4 in Spellcasting
   580 | D:4      | Reached XP level 4. HP: 24/24 MP: 2/12
   587 | D:4      | Learned a level 4 spell: Sticky Flame
   670 | D:5      | Entered Level 5 of the Dungeon
   673 | D:5      | Noticed a giant frog
   679 | D:5      | Killed a giant frog
   679 | D:5      | Reached XP level 5. HP: 28/28 MP: 4/13
   710 | D:6      | Found a snail-covered altar of Cheibriados.
   834 | D:5      | Noticed an ogre
   839 | D:5      | Mangled by an ogre

Dungeon Overview and Level Annotations

Branches:
Dungeon (6/15)
 Temple: D:4-7

Altars:
Cheibriados
Qazlal
Trog
Zin


Message History

Your transformation is almost over.
You swing at nothing.
You swing at nothing.
You swing at nothing.
You swing at nothing.
You swing at nothing.
You feel less woody.
Your +0 robe unmelds from your body.
You swing at nothing.
You swing at nothing.
There is an open door here.
You see here a hound corpse.
You butcher the hound corpse.
h - a chunk of flesh
There is an open door here.
You see here a hound skeleton.
You feel a little less agile now.
i - a lumpy orange potion You open the door.
Found 10 gold pieces.
There is an open door here.
You now have 59 gold pieces (gained 10).
You open the door.
An ogre comes into view. It is wielding a giant spiked club.
The ogre shouts!
Found 14 poisoned needles.
An orc comes into view. It is wielding a mace.
Found a stone staircase leading down.
There is an open door here.
Casting: Flame Tongue
Confirm with . or Enter, or press ? or * to list all spells.
Aiming: Sticky Flame
Press: ? - help, Shift-Dir - straight line, f - ogre
Aim: an ogre, wielding a giant spiked club The sticky flame hits the ogre.
The ogre is lightly wounded.
The ogre is covered in liquid flames!
The ogre burns!
The ogre hits you with a giant spiked club!!
Ouch! That really hurt!
You die...

You could see an ogre (burning) and an orc.

Vanquished Creatures
  A giant frog (D:5)
  2 hounds
  A giant frog skeleton (D:6)
  3 worker ants
  An adder (D:4)
  An ooze (D:1)
  2 worms (D:4)
  A giant gecko (D:2)
  2 orcs
  A giant cockroach (D:3)
  2 goblins
  2 hobgoblins
  A jackal (D:3)
  2 quokkas (D:4)
  A jackal skeleton (D:4)
  A kobold (D:3)
24 creatures vanquished.

Action                   |  1- 3 |  4- 6 || total
-------------------------+-------+-------++-------
Melee: Unarmed           |     2 |    19 ||    21
 Cast: Flame Tongue      |    39 |    14 ||    53
       Conjure Flame     |     2 |     4 ||     6
       Sticky Flame      |       |     1 ||     1
  Use: Potion            |       |     3 ||     3

Vault maps used:
D:1:      dpeg_arrival_orchard, minmay_misc_feat_x, hex_large, minmay_unequal
D:2:      uniq_robin
D:3:      nemelex_deck, uniq_jessica
D:4:      grunt_temple_overflow_diamond, first_bread
D:5:      marbit_many_paths, kennysheep_mini_moat, xom_teletrap_fun
D:6:      kennysheep_little_box, nicolae_overflow_hidden_temple,
          minmay_temple_entry_mist, uniq_edmund
